AoeStats
← ARCxxBLaZeX

Migration

509146858Analyzed
1v1 RM · 7d ago on Sep 25, 2026· 65m 57s· 2 players
Game mode
Random Map
Map size
132×132
Population
200
Speed
Normal
Resources
Standard
Victory
Conquest
Starting age
Dark Age
Ending age
Imperial Age
RankedLock teamsTeams togetherTeam positionsShared explorationLock speedFull tech treeHidden civsTurbo modeCheats
Victory
Defeat
🇮🇳 Portuguese · India
373
+17
🇨🇴 Vikings · Colombia
401
-17
ARCxxBLaZeX
1:05 Loom
12:28 Feudal Age
13:08 Double-Bit Axe
14:20 Fishing Lines
21:11 Horse Collar
22:24 Scale Mail Armor
25:16 Castle Age
25:26 Wheelbarrow
24:37 Town Watch
29:17 Bow Saw
29:01 Gold Mining
29:29 Medium Warships
29:13 Gillnets
30:49 Hand Cart
31:49 Stone Mining
32:35 Heavy Plow
33:18 Stone Shaft Mining
32:50 Treadmill Crane
33:19 Siphons
34:52 Town Patrol
35:45 Chain Mail Armor
35:41 Forging
35:22 Fletching
38:19 Ballistics
38:12 Clinker Construction
38:21 Pikeman
39:57 Man-at-Arms
40:23 Gambesons
42:51 Elite Skirmisher
51:26 Imperial Age
50:59 Circumnavigation
52:09 Careening
53:07 Chemistry
52:29 Carvel Hull
53:17 Heavy Warships
52:34 Cavalier
53:15 Husbandry
55:58 Conscription
55:07 Elite Cannon Galleon
55:59 Bodkin Arrow
59:44 Two-Man Saw
Lord_Petrosky
10:25 Feudal Age
14:27 Double-Bit Axe
26:34 Castle Age
26:56 Fishing Lines
28:08 Gillnets
32:27 Bow Saw
36:52 Imperial Age
33:54 Man-at-Arms
48:10 Man-at-Arms
54:54 Long Swordsman
55:49 Two-Handed Swordsman
57:10 Gold Mining
56:47 Champion
Connection lost

Rejoining the realm…

Still unreachable

The connection could not be restored.

Session expired

The server has moved on; the page needs a fresh start.